 Dungeon Crawl Stone Soup version 0.19-a0-1672-g679cadd (webtiles) character file.

201 4thArraOfDagon the Ruffian (level 5, -2/50 HPs)
             Began as a Troll Monk on Sept 22, 2016.
             Slain by a centaur (10 damage)
             ... on level 5 of the Dungeon.
             The game lasted 00:02:18 (423 turns).

4thArraOfDagon the Ruffian (Troll Monk)              Turns: 423, Time: 00:02:19

Health: -2/50      AC:  5    Str: 19    XL:     5   Next: 50%
Magic:  5/5        EV: 10    Int:  7    God:
Gold:   35         SH:  0    Dex: 12    Spells: 0 memorised, 4 levels left

rFire  . . .     SeeInvis .       - Unarmed
rCold  . . .     Gourm    +     a - +0 robe
rNeg   . . .     Faith    .     (no shield)
rPois  .         Spirit   .     (helmet restricted)
rElec  .         Dismiss  .     (no cloak)
rCorr  .         Reflect  .     (gloves unavailable)
MR     .....     Harm     .     (boots unavailable)
Stlth  +.........               (no amulet)
                                (no ring)
                                (no ring)

@: no status effects
A: unfitting armour, claws 3, horns 1, fast metabolism 3, gourmand, high mp 2,
regeneration 1, shaggy fur 1, tough skin 2
a: no special abilities


You were on level 5 of the Dungeon.
You were not hungry.

You visited 1 branch of the dungeon, and saw 5 of its levels.

You collected 35 gold pieces.

Inventory:

Missiles
 c - 5 large rocks (quivered)
Armour
 a - a +0 robe (worn)
Scrolls
 f - a scroll of amnesia {unknown}
Comestibles
 b - 3 bread rations
 d - a beef jerky


   Skills:
 - Level 2.4 Fighting
 - Level 2.4 Dodging
 - Level 1.1 Stealth
 * Level 6.3 Unarmed Combat


You had 4 spell levels left.
You didn't know any spells.

Dungeon Overview and Level Annotations

Branches:
Dungeon (5/15)
 Temple: D:4-7

Altars:


Innate Abilities, Weirdness & Mutations

You are too large for most types of armour.
You have claws for hands.
Your metabolism is lightning-fast.
You like to eat raw meat.
Your natural rate of healing is unusually fast.
You are covered in fur. (AC +1)
You have very tough skin. (AC +2)
You have a pair of small horns on your head.
You have a considerably increased reservoir of magic. (+20% MP)


Message History

You headbutt the iguana, but do no damage.
The iguana is heavily wounded.
You claw the iguana!
You kill the iguana!
The centaur shoots an arrow.
The arrow hits you.
* * * LOW HITPOINT WARNING * * *
Unknown command.
Unknown command.
The centaur unwields an uncursed shortbow.
The centaur hits you.
* * * LOW HITPOINT WARNING * * *
Unknown command.
You scratch the centaur but do no damage.
The centaur hits you.
* * * LOW HITPOINT WARNING * * *
Unknown command.
You claw the centaur!
The centaur is moderately wounded.
The centaur hits you!
You die...

#.#####.####..#####
#..........(......#
#.#####.####..###.#
#....<[#......#
##.#####.####..#
.#...####.####..#
................#
#...##.........#
#......@c#...#
#.###.#(#.#...##
#.#.#.#.....
#.#.#.#.....#
#.#.#.#.....#
#.#...........
###.##........##
#..(...(.....##
.c.....#.##.#..#.##


You could see a centaur.

Vanquished Creatures
  An ice beast (D:5)
  Terence (D:2)
  An iguana (D:5)
  A worker ant (D:4)
  An adder (D:4)
  4 orcs (D:3)
  A giant cockroach (D:2)
  2 hobgoblins
  5 jackals
  2 frilled lizards
  A kobold (D:1)
  A quokka zombie (D:5)
  2 rats (D:3)
23 creatures vanquished.

Notes
Turn   | Place    | Note
-------+----------+-------------------------------------------
     0 | D:1      | 4thArraOfDagon the Troll Monk began the quest for the Orb.
     0 | D:1      | Reached XP level 1. HP: 22/22 MP: 0/0
    85 | D:2      | Reached XP level 2. HP: 21/29 MP: 1/1
   177 | D:2      | Noticed Terence
   195 | D:2      | Killed Terence
   195 | D:2      | Reached skill level 4 in Unarmed Combat
   195 | D:2      | Reached XP level 3. HP: 24/36 MP: 2/2
   237 | D:3      | Gained mutation: You have a pair of small horns on your head. [potion of mutation]
   237 | D:3      | Gained mutation: You have an increased reservoir of magic. (+10% MP) [potion of mutation]
   237 | D:3      | Gained mutation: You have a considerably increased reservoir of magic. (+20% MP) [potion of mutation]
   308 | D:4      | Reached skill level 5 in Unarmed Combat
   308 | D:4      | Reached XP level 4. HP: 40/44 MP: 3/3
   356 | D:5      | Entered Level 5 of the Dungeon
   380 | D:5      | Noticed an ice beast
   394 | D:5      | Killed an ice beast
   394 | D:5      | Reached skill level 6 in Unarmed Combat
   394 | D:5      | Reached XP level 5. HP: 10/50 MP: 5/5
   403 | D:5      | Noticed a centaur
   423 | D:5      | Slain by a centaur

Vault maps used:
D:1:      elethiomel_arrival_infinity_welcomes_careful_drivers
D:2:      uniq_terence, uniq_robin
D:3:      gammafunk_temple_overflow_wave
D:4:      first_bread
D:5:      serial_shops, shop, uniq_sigmund

Skill      XL: |  1  2  3  4 |
---------------+-------------+-----
Unarmed Combat | 4 5 6 |  6.3
Fighting       | |  2.4
Dodging        | |  2.4
Stealth        | |  1.1

Action                   |  1- 3 |  4- 6 || total
-------------------------+-------+-------++-------
Melee: Unarmed           |    58 |    24 ||    82
       Headbutt          |     1 |     6 ||     7
       Punch             |     1 |     1 ||     2
  Use: Potion            |     1 |       ||     1
  Eat: Chunk             |       |     2 ||     2
Armor: Robe              |    22 |     4 ||    26
Dodge: Dodged            |    26 |     9 ||    35
